 Dungeon Crawl Stone Soup version 0.18.1-50-g88ac8fd (webtiles) character file.

5775 magog001 the Blocker (level 10, 0/90 HPs)
             Began as a Minotaur Fighter on Sept 14, 2018.
             Was a Follower of Nemelex Xobeh.
             Killed by divine providence
             ... invoked by an orc priest
              (12 damage)
             ... on level 9 of the Dungeon.
             The game lasted 00:57:08 (8910 turns).

magog001 the Blocker (Minotaur Fighter)             Turns: 8910, Time: 00:57:09

Health: 0/90       AC: 23    Str: 24      XL:     10   Next: 50%
Magic:  8/8        EV: 11    Int:  5      God:    Nemelex Xobeh [*.....]
Gold:   315        SH: 15    Dex:  9 (10) Spells: 0 memorised, 9 levels left

rFire  + . .     SeeInvis .     a - +1 war axe
rCold  x . .     Gourm    +     y - +0 plate armour
rNeg   . . .     Faith    .     c - +1 shield
rPois  +         Spirit   .     (helmet restricted)
rElec  .         Dismiss  .     l - +2 cloak {rPois}
rCorr  .         Reflect  .     (no gloves)
SustAt .         Harm     .     (no boots)
MR     .....     Rnd*Rage +     H - amulet of the gourmand
Stlth  ..........               s - +5 ring of evasion
                                i - ring of fire

@: cleaving, not resistant to hostile enchantments, extremely unstealthy
A: retaliatory headbutt, horns 2, iridescent scales 1, large bone plates 1,
berserk 1, blurry vision 1, low mp 1, sense surroundings 1
a: Renounce Religion


You were on level 9 of the Dungeon.
You worshipped Nemelex Xobeh.
Nemelex Xobeh was aware of your devotion.
You were full.

You visited 1 branch of the dungeon, and saw 9 of its levels.
You also visited: Sewer.

You collected 555 gold pieces.
You spent 240 gold pieces at shops.

Inventory:

Hand Weapons
 a - a +1 war axe (weapon)
 d - a +0 hunting sling
 n - a +0 hunting sling
 w - a +0 blowgun
Missiles
 k - 106 poisoned needles
 t - 2 throwing nets (quivered)
 u - 13 tomahawks
 E - 50 sling bullets
Armour
 b - a +0 scale mail
 c - a +1 shield (worn)
 l - a +2 cloak of poison resistance (worn)
 y - a +0 plate armour (worn)
Jewellery
 i - a ring of fire (left hand)
 s - a +5 ring of evasion (right hand)
 C - a +4 ring of protection {unknown}
 H - an amulet of the gourmand (around neck)
Wands
 h - a wand of disintegration (19/24)
 x - a wand of slowing (28/48)
 M - a wand of confusion (34/48)
 N - a wand of lightning (12/15)
Scrolls
 g - 4 scrolls of teleportation
 j - 2 scrolls of identify
 o - 8 scrolls of remove curse
 B - 2 scrolls of noise
 D - a scroll of enchant armour
Potions
 e - a potion of agility
 r - 5 potions of flight
 v - a potion of brilliance
 z - 2 potions of invisibility
Miscellaneous
 m - a legendary deck of escape {drawn: 3}
 I - an ornate deck of war {drawn: 4}
Comestibles
 f - 5 bread rations
 J - 2 meat rations


   Skills:
 * Level 8.7 Fighting
 * Level 9.9 Axes
 * Level 9.7 Armour
 + Level 1.3 Stealth
 * Level 11.3 Shields
 + Level 0.1 Evocations


You had 9 spell levels left.
You didn't know any spells.

Dungeon Overview and Level Annotations

Branches:
Dungeon (9/15)             Temple (0/1) D:4            Lair (0/8) D:9
    Orc: D:9-12

Altars:
Elyvilon
Makhleb
Nemelex Xobeh
Okawaru
Pakellas
Qazlal
Ru
Sif Muna
Vehumet
Yredelemnul
Zin

Shops:
D:6 ([


Innate Abilities, Weirdness & Mutations

You reflexively headbutt those who attack you in melee.
You have a pair of horns on your head.
You are partially covered in iridescent scales (AC +4).
You are partially covered in large bone plates (AC +2, SH +2).
You tend to lose your temper in combat.
Scrolls take you a little longer to read.
Your magical capacity is low (-10% MP).
You passively map a small area around you.


Message History

You feel your dexterity returning.
This wand has 19 charges left.
You block the orc priest's attack.
The walls disappear prematurely!
The orc misses you. You furiously retaliate!
You headbutt the orc. You block the orc priest's attack.
Things that are here:
a mace; a chain mail The orc priest calls down the wrath of Beogh upon you.
Beogh smites you!
* * * LOW HITPOINT WARNING * * *
The orc priest is no longer moving slowly.
The warg is no longer moving slowly.
Found a staircase to the Lair.
The orc priest is no longer moving slowly.
The orc priest miscasts a cantrip.
The orc priest looks braver for a moment.
You see here a chunk of flesh.
The orc priest mumbles some strange prayers to Beogh against you.
Beogh smites you!
You die...
Your body disappears without a glow.

.. #......# #.#..... ,
##.## #......# #.#.....
.....##*#.....# #.#.....
.......##..)..###.#)....
P.......#.....#...#.....
......P......o)†###.....
, ..>...?...o.).###
#..... ........%hoo..#
#..... .......@#######
#..... * ,.....$.##
#..... .....## ###### ,
...# * ##


You could see a warg, 3 orc priests and an orc.

Vanquished Creatures
  Psyche (D:9)
  A centaur skeleton (D:5)
  A spriggan (D:7)
  A vampire (D:9)
  A hippogriff (D:7)
  Grum (D:8)
  A warg (D:9)
  A water moccasin (D:9)
  2 orc warriors
  An ice beast (D:5)
  2 black bears
  2 phantoms (D:5)
  3 wolves (D:8)
  5 ogres
  4 centaurs
  A crocodile (D:9)
  4 giant frogs
  A scorpion (D:8)
  9 killer bees (D:8)
  8 wights (D:6)
  9 howler monkeys
  A crimson imp (D:8)
  A giant frog zombie (D:7)
  4 hounds
  3 jellies
  4 orc priests
  A giant frog skeleton (D:5)
  3 iguanas (D:6)
  4 orc wizards
  2 gnoll shamans
  7 worker ants
  A hound skeleton (D:8)
  A worker ant zombie (D:9)
  16 gnolls
  9 adders
  3 oozes
  2 adder skeletons
  2 adder zombies
  2 worms
  4 dart slugs
  5 giant geckos
  37 orcs
  A ball python (D:3)
  8 giant cockroaches
  8 goblins
  11 hobgoblins
  8 jackals
  23 kobolds
  4 quokkas
  10 bats
  5 giant newts
  A jackal zombie (D:6)
  A quokka skeleton (D:4)
  7 rats
258 creatures vanquished.

Vanquished Creatures (others)
  A sky beast (D:5)
  A wasp (D:3)
2 creatures vanquished.

Grand Total: 260 creatures vanquished

Notes
Turn   | Place    | Note
--------------------------------------------------------------
     0 | D:1      | magog001 the Minotaur Fighter began the quest for the Orb.
     0 | D:1      | Reached XP level 1. HP: 19/19 MP: 0/0
   138 | D:1      | Reached XP level 2. HP: 27/27 MP: 1/1
   506 | D:1      | Reached XP level 3. HP: 33/33 MP: 2/2
   728 | D:1      | Reached skill level 4 in Shields
  1570 | D:3      | Reached XP level 4. HP: 37/40 MP: 3/3
  1784 | D:3      | Found an oddly glowing altar of Pakellas.
  1784 | D:3      | Noticed an orange crystal statue
  1785 | D:3      | Noticed a wasp
  1804 | D:3      | Killed a wasp
  2125 | D:3      | Reached skill level 5 in Armour
  2201 | D:4      | Reached skill level 5 in Shields
  2201 | D:4      | Reached XP level 5. HP: 46/46 MP: 4/4
  2217 | D:4      | Found a deep blue altar of Sif Muna.
  2389 | D:4      | Found a burning altar of Makhleb.
  2495 | D:4      | Found a staircase to the Ecumenical Temple.
  2503 | D:4      | Reached XP level 6. HP: 48/53 MP: 5/5
  2638 | D:4      | Found a glowing drain.
  2643 | Sewer    | Entered a sewer
  3658 | D:4      | Reached skill level 6 in Shields
  3790 | D:4      | Reached skill level 5 in Axes
  3820 | D:4      | Found a glowing silver altar of Zin.
  3821 | D:4      | Noticed a blizzard demon
  3821 | D:4      | Noticed an angel
  3846 | D:5      | Entered Level 5 of the Dungeon
  3860 | D:5      | Noticed an ice beast
  3875 | D:5      | Reached skill level 5 in Fighting
  3875 | D:5      | Reached XP level 7. HP: 52/61 MP: 6/6
  4060 | D:5      | Found an iron altar of Okawaru.
  4113 | D:5      | Reached skill level 7 in Shields
  4131 | D:5      | Reached XP level 8. HP: 35/70 MP: 7/7
  4511 | D:5      | Reached skill level 8 in Shields
  5245 | D:6      | Found Nearoagg's Weapon Boutique.
  5443 | D:6      | Found Tezariobb's Armour Shop.
  5456 | D:6      | Bought a +2 cloak of poison resistance for 240 gold pieces
  5735 | D:6      | Found a stormy altar of Qazlal.
  5738 | D:6      | Noticed an air elemental
  6044 | D:6      | Reached XP level 9. HP: 72/79 MP: 8/8
  6058 | D:6      | Reached skill level 1 in Stealth
  6505 | D:7      | Reached skill level 9 in Shields
  6992 | D:7      | Found a sparkling altar of Nemelex Xobeh.
  6992 | D:7      | Found a basalt altar of Yredelemnul.
  7003 | D:7      | Found a sacrificial altar of Ru.
  7018 | D:7      | Became a worshipper of Nemelex Xobeh the Trickster
  7094 | D:8      | Reached skill level 10 in Shields
  7420 | D:8      | Reached XP level 10. HP: 84/88 MP: 9/9
  7491 | D:8      | Received a gift from Nemelex Xobeh
  7578 | D:8      | Found a white marble altar of Elyvilon.
  7578 | D:8      | Found a radiant altar of Vehumet.
  7731 | D:8      | Noticed Grum
  7750 | D:8      | Killed Grum
  8244 | D:9      | Gained mutation: You are partially covered in large bone plates (AC +2, SH +2). [potion of mutation]
  8244 | D:9      | Gained mutation: You passively map a small area around you. [potion of mutation]
  8244 | D:9      | Gained mutation: Your muscles are strong. (Str +2) [potion of mutation]
  8245 | D:9      | Gained mutation: You are partially covered in iridescent scales (AC +4). [potion of mutation]
  8245 | D:9      | Gained mutation: Your magical capacity is low (-10% MP). [potion of mutation]
  8245 | D:9      | Lost mutation: Your muscles are strong. (Str +2) [potion of mutation]
  8246 | D:9      | Gained mutation: You tend to lose your temper in combat. [potion of mutation]
  8246 | D:9      | Gained mutation: Scrolls take you a little longer to read. [potion of mutation]
  8461 | D:9      | Reached * piety under Nemelex Xobeh
  8546 | D:9      | Received a gift from Nemelex Xobeh
  8585 | D:9      | Noticed Psyche
  8596 | D:9      | Reached skill level 11 in Shields
  8814 | D:9      | Killed Psyche
  8896 | D:9      | HP: 4/90 [orc priest/divine providence (12)]
  8908 | D:9      | Found a staircase to the Lair.
  8910 | D:9      | Killed from afar by an orc priest

Skill      XL: |  1  2  3  4  5  6  7  8  9 10 |
---------------+-------------------------------+-----
Fighting       | 4 5 7 8 |  8.7
Armour         | 4 5 6 7 9 |  9.7
Shields        | 4 5 6 7 8 10 11 | 11.3
Axes           | 3 4 5 6 7 9 |  9.9
Stealth        | 1 |  1.3
Evocations     | |  0.1

Action                   |  1- 3 |  4- 6 |  7- 9 | 10-12 || total
-------------------------+-------+-------+-------+-------++-------
Melee: War axe           |    91 |   182 |   305 |   160 ||   738
       Headbutt          |     9 |    34 |    55 |    27 ||   125
Evoke: Deck              |       |       |       |     7 ||     7
       Wand              |       |       |       |     1 ||     1
  Use: Scroll            |     5 |     3 |     3 |     6 ||    17
       Potion            |       |     6 |     4 |    12 ||    22
  Eat: Chunk             |     2 |     5 |     3 |     6 ||    16
       Beef jerky        |       |     2 |     2 |       ||     4
       Bread ration      |       |       |     1 |     1 ||     2
       Fruit             |       |       |     3 |     1 ||     4
       Pizza             |       |       |       |     1 ||     1
Armor: Scale mail        |    38 |    56 |    40 |       ||   134
       Plate armour      |       |       |    80 |    95 ||   175
       Skin              |       |       |       |     7 ||     7
Dodge: Dodged            |    55 |   115 |   169 |    48 ||   387
Block: Shield            |    67 |   132 |   279 |   131 ||   609
